 Seeded DCSS version 0.27.1-34-g3ba077fa99 (webtiles) character file.

Game seed: 12092574107127483836 (custom seed)

2010027 hikkokomori the Slayer (level 27, 271/271 HPs)
             Began as a Minotaur Fighter on Feb 4, 2022.
             Was the Champion of Qazlal.
             Escaped with the Orb
             ... and 3 runes on Feb 6, 2022!
             The game lasted 03:41:58 (55259 turns).

hikkokomori the Slayer (Minotaur Fighter)          Turns: 55259, Time: 03:41:59

Health: 271/271    AC: 43    Str: 31    XL:     27
Magic:  35/35      EV: 17    Int:  9    God:    Qazlal [******]
Gold:   4202       SH: 33    Dex: 12    Spells: 22/40 levels left

rFire    + + .     SeeInvis +   E - +12 broad axe "Mumnat" {protect, rElec rCorr Int-3 Dex-3}
rCold    . . .     Faith    .   c - +5 kite shield
rNeg     + . .     Spirit   .   w - +9 plate armour "Bamush" {Will++ Regen+ SInv Stlth+}
rPois    +         Reflect  +   U - +2 hat
rElec    +         Harm     .   G - +2 cloak of the Thief {*Fog Slay-2 SInv Stlth+}
rCorr    +         Rampage  .   k - +2 pair of gloves of Springtime {rPois rF+ Int+3}
Will     ++++.                  N - +2 pair of boots "Rucasem" {Str+4}
Stlth    ..........             M - amulet of Gluttony {Reflect rN+ Int+2 SH+5}
HPRegen  1.55/turn              s - +4 ring of slaying
MPRegen  0.24/turn              e - ring "Amuido Tyep" {rPois rF+}

@: studying 2 skills, repel missiles
A: horns 2, retaliatory headbutt, wild magic 1, no potion heal 2
0: Orb of Zot
}: 3/15 runes: serpentine, barnacled, silver
a: Renounce Religion, Upheaval, Elemental Force, Disaster Area


You escaped.
You worshipped Qazlal.
Qazlal was exalted by your worship.
You visited 12 branches of the dungeon, and saw 51 of its levels.
You also visited: Trove, Bailey, Gauntlet and Ice Cave.

You collected 8876 gold pieces.
You spent 4674 gold pieces at shops.

Inventory:

Hand Weapons
 q - a +5 antimagic demon trident
 E - the +12 broad axe "Mumnat" (weapon) {protect, rElec rCorr Int-3 Dex-3}
   (You found it on level 12 of the Dungeon)

   It grants its wielder temporary protection when it strikes (+7 to AC).
   Int:       It affects your intelligence (-3).
   Dex:       It affects your dexterity (-3).
   rElec:     It insulates you from electricity.
   rCorr:     It protects you from acid and corrosion.
 Q - the +8 fustibalus of Gamofeti {speed, Contam Will++ Int+8}
   (You found it in a treasure trove)

   Attacks with this weapon are significantly faster.
   Int:       It affects your intelligence (+8).
   Contam:    It causes magical contamination when unequipped.
   Will:      It greatly increases your willpower.
Missiles
 u - 5 throwing nets (quivered)
Armour
 c - a +5 kite shield (worn)
 k - the +2 pair of gloves of Springtime (worn) {rPois rF+ Int+3}
   (You took it off Nikola on level 2 of the Snake Pit)

   Int:       It affects your intelligence (+3).
   rF:        It protects you from fire.
   rPois:     It protects you from poison.
 w - the +9 plate armour "Bamush" (worn) {Will++ Regen+ SInv Stlth+}
   (You took it off a minotaur in a Gauntlet)

   SInv:      It lets you see invisible.
   Regen:     It increases your rate of health regeneration.
   Will:      It greatly increases your willpower.
   Stlth:     It makes you more stealthy.
 G - the +2 cloak of the Thief (worn) {*Fog Slay-2 SInv Stlth+}
   (You found it on level 2 of the Lair of Beasts)

   It may release a thick cloud of smoke when the wearer is hurt.
   Slay:      It affects your accuracy & damage with ranged weapons and melee
   (-2).
   SInv:      It lets you see invisible.
   Stlth:     It makes you more stealthy.
 N - the +2 pair of boots "Rucasem" (worn) {Str+4}
   (You bought it in a shop on level 1 of the Snake Pit)

   Str:       It affects your strength (+4).
 U - a +2 hat (worn)
 Z - +1 gold dragon scales
Jewellery
 e - the ring "Amuido Tyep" (right hand) {rPois rF+}
   (You acquired it on level 12 of the Dungeon)

   [ring of poison resistance]

   rF:        It protects you from fire.
   rPois:     It protects you from poison.
 l - an amulet of magic regeneration
 r - an amulet of faith
 s - a +4 ring of slaying (left hand)
 F - a ring of willpower
 M - the amulet of Gluttony (around neck) {Reflect rN+ Int+2 SH+5}
   (You acquired it on level 5 of the Vaults)

   [amulet of reflection]

   It reflects blocked missile attacks.
   Int:       It affects your intelligence (+2).
   rN:        It protects you from negative energy.
   SH:        It affects your SH (+5).
 P - a +6 ring of strength
 W - the amulet of Finality {rC+ Regen+}
   (You found it in a Gauntlet)

   [amulet of regeneration]

   rC:        It protects you from cold.
   Regen:     It increases your rate of health regeneration.
 X - the amulet "Xuivaif" {Fly Will+ Regen+}
   (You found it on level 1 of the Vaults)

   [amulet of regeneration]

   Fly:       It grants you flight.
   Regen:     It increases your rate of health regeneration.
   Will:      It increases your willpower.
 Y - a ring of protection from fire
Wands
 a - a wand of charming (18)
 m - a wand of iceblast (107)
 o - a wand of digging (36)
 y - a wand of acid (17)
 C - a wand of paralysis (40)
 D - a wand of polymorph (50)
Scrolls
 b - 9 scrolls of blinking
 g - 8 scrolls of fear
 j - 16 scrolls of amnesia
 n - 12 scrolls of teleportation
 A - 3 scrolls of holy word
 B - 5 scrolls of fog
 I - 3 scrolls of magic mapping
 K - a scroll of summoning
 R - 9 scrolls of identify
Potions
 d - 3 potions of might
 h - 27 potions of curing
 i - 11 potions of heal wounds
 p - 8 potions of flight
 t - 2 potions of mutation
 v - 2 potions of ambrosia
 x - 5 potions of invisibility
 H - 8 potions of brilliance
 L - 7 potions of cancellation
 O - 4 potions of haste
 S - 5 potions of resistance
 V - 5 potions of magic
Miscellaneous
 f - the horn of Geryon
 z - a lightning rod (4/4)
 J - a condenser vane
 T - a box of beasts


   Skills:
 + Level 26.9 Fighting
 - Level 17.2(18.4) Axes
 - Level 11.9(15.9) Polearms
 + Level 23.0 Armour
 + Level 21.8 Dodging
 - Level 16.4 Shields
 - Level 7.3 Spellcasting
 + Level 15.7 Translocations
 - Level 18.7 Invocations
 - Level 11.5 Evocations


You had 22 spell levels left.
You knew the following spells:

 Your Spells              Type           Power      Damage    Failure   Level
a - Blink                 Tloc           N/A        N/A       1%          2
b - Passage of Golubria   Tloc           N/A        N/A       2%          4
c - Manifold Assault      Tloc           41%        N/A       4%          5
d - Apportation           Tloc           82%        N/A       1%          1
e - Lesser Beckoning      Tloc           20%        N/A       1%          3
f - Teleport Other        Tloc           41%        N/A       1%          3

Your spell library contained the following spells:

 Spells                   Type           Power      Damage    Failure   Level
 Gell's Gravitas          Tloc           20%        N/A       1%          3
 Portal Projectile        Hex/Tloc       44%        N/A       12%         3
 Dispersal                Tloc           20%        N/A       22%         6
 Iskenderun's Mystic Bla  Conj/Tloc      22%        2d6       34%         4
 Animate Skeleton         Necr           8%         N/A       63%         1
 Corona                   Hex            4%         N/A       63%         1
 Magic Dart               Conj           16%        1d3       63%         1
 Pain                     Necr           16%        1d4       63%         1
 Sting                    Tmut/Pois      16%        1d3       63%         1
 Summon Small Mammal      Summ           16%        N/A       63%         1
 Summon Forest            Summ/Tloc      11%        N/A       65%         5
 Call Imp                 Summ           4%         N/A       75%         2
 Corpse Rot               Necr/Air       N/A        N/A       75%         2
 Ensorcelled Hibernation  Hex/Ice        8%         N/A       75%         2
 Poisonous Vapours        Pois/Air       8%         N/A       75%         2
 Static Discharge         Conj/Air       4%         N/A       75%         2
 Sublimation of Blood     Necr           2%         N/A       75%         2
 Call Canine Familiar     Summ           4%         N/A       92%         3
 Ignite Poison            Fire/Tmut/Pois 4%         N/A       92%         3
 Mephitic Cloud           Conj/Pois/Air  4%         N/A       92%         3
 Spider Form              Tmut/Pois      2%         N/A       92%         3
 Stone Arrow              Conj/Erth      8%         3d7       92%         3
 Summon Guardian Golem    Hex/Summ       4%         N/A       92%         3
 Tukima's Dance           Hex            4%         N/A       92%         3
 Vampiric Draining        Necr           2%         2d6       92%         3
 Airstrike                Air            2%         N/A       100%        4
 Animate Armour           Summ/Erth      8%         N/A       100%        4
 Cause Fear               Hex            2%         N/A       100%        4
 Dispel Undead            Necr           4%         3d7       100%        4
 Fulminant Prism          Conj/Hex       2%         3d6       100%        4
 Leda's Liquefaction      Hex/Erth       2%         N/A       100%        4
 Olgreb's Toxic Radiance  Pois           4%         N/A       100%        4
 Petrify                  Tmut/Erth      4%         N/A       100%        4
 Summon Lightning Spire   Summ/Air       4%         N/A       100%        4
 Blade Hands              Tmut           2%         N/A       100%        5
 Bolt of Magma            Conj/Fire/Erth 2%         4d4       100%        5
 Excruciating Wounds      Necr           2%         N/A       100%        5
 Fireball                 Conj/Fire      2%         3d4       100%        5
 Freezing Cloud           Conj/Ice/Air   2%         6-21      100%        5
 Irradiate                Conj/Tmut      2%         3d14      100%        5
 Lee's Rapid Deconstruct  Erth           2%         3d5*      100%        5
 Lightning Bolt           Conj/Air       2%         1d13      100%        5
 Yara's Violent Unravell  Hex/Tmut       2%         3d3       100%        5
 Conjure Ball Lightning   Conj/Air       2%         3x3d6     100%        6
 Death Channel            Necr           2%         N/A       100%        6
 Eringya's Noxious Bog    Tmut/Pois      2%         N/A       100%        6
 Iron Shot                Conj/Erth      2%         9d2       100%        6
 Shadow Creatures         Summ           N/A        N/A       100%        6
 Starburst                Conj/Fire      2%         6d3       100%        6
 Statue Form              Tmut/Erth      2%         N/A       100%        6
 Dragon Form              Tmut           2%         N/A       100%        7
 Orb of Destruction       Conj           2%         9d1       100%        7
 Spellforged Servitor     Conj/Summ      2%         N/A       100%        7
 Storm Form               Tmut/Air       2%         N/A       100%        7
 Summon Hydra             Summ           2%         N/A       100%        7
 Borgnjor's Revivificati  Necr           2%         N/A       100%        8
 Discord                  Hex            2%         N/A       100%        8
 Disjunction              Tloc           20%        N/A       100%        8
 Ignition                 Fire           2%         3d3       100%        8
 Lehudib's Crystal Spear  Conj/Erth      2%         10d2      100%        8
 Maxwell's Capacitive Co  Air            2%         ∞         100%        8
 Necromutation            Tmut/Necr      2%         N/A       100%        8
 Chain Lightning          Conj/Air       2%         3d2       100%        9
 Death's Door             Necr           2%         N/A       100%        9
 Dragon's Call            Summ           2%         N/A       100%        9
 Fire Storm               Conj/Fire      2%         8d1       100%        9


Dungeon Overview and Level Annotations

Branches:
Dungeon (15/15)            Temple (1/1) D:5            Lair (6/6) D:11
 Shoals (4/4) Lair:4        Snake (4/4) Lair:3        Slime (0/5) Lair:6
    Orc (2/2) D:11            Elf (2/3) Orc:2        Vaults (5/5) D:14
  Crypt (1/3) Vaults:3     Depths (5/5) D:15           Hell (visited)
    Dis (0/7) Hell            Geh (0/7) Hell            Coc (0/7) Hell
    Tar (0/7) Hell            Zot (5/5) Depths:5     Bailey (visited)
  IceCv (visited)         Gauntlet (visited)

Altars:
Ashenzari
Cheibriados
Dithmenos
Elyvilon
Fedhas
Gozag
Hepliaklqana
Kikubaaqudgha
Makhleb
Nemelex Xobeh
Okawaru
Qazlal
Ru
Sif Muna
Trog
Uskayaw
Vehumet
Wu Jian
Xom
Yredelemnul
Zin
The Shining One
Lugonu

Shops:
D:3 ?   D:14 :!   Orc:2 (((?   Shoals:1 (   Shoals:4 ?   Snake:1 [!(!
Snake:2 =:=   Vaults:1 ?   Depths:5 (

Portals:
Hell: Depths:1 Depths:2 Depths:3 Depths:4 Depths:5
Abyss: Shoals:2 Depths:4
Pandemonium: Depths:3 Depths:4
Ziggurat: Depths:3
Bazaar: Vaults:4


Innate Abilities, Weirdness & Mutations

You have a pair of horns on your head.
You reflexively headbutt those who attack you in melee.
Your spells are a little harder to cast, but a little more powerful.
Potions cannot restore your health.


Message History

The ice devil is heavily wounded.
You hit the ice devil but do no damage. You headbutt the ice devil!
The ice devil is severely wounded.
You block the ice devil's attack.
You hit the ice devil.
The ice devil is severely wounded.
The ice devil closely misses you. You furiously retaliate!
You headbutt the ice devil! You slash the ice devil!
You kill the ice devil!
Qazlal accepts your kill.
There is a stone staircase leading up here.
You climb upwards.
There is a stone staircase leading down here.
A reaper comes into view. It is wielding a +2 scythe of venom.
The reaper hits you but does no damage.
You slice the reaper!!
Your weapon exudes an aura of protection.
The reaper is moderately wounded.
You slash the reaper! You headbutt the reaper!
The reaper is heavily wounded.
You block the reaper's attack.
You hit the reaper. You headbutt the reaper!
The reaper is severely wounded.
You block the reaper's attack.
You slash the reaper!
The reaper is severely wounded.
You slice the reaper!!
You kill the reaper!
Qazlal accepts your kill.
There is a stone staircase leading up here.
You climb upwards.
There is a stone staircase leading down here.
There is a large open door here.
There is a large open door here.
There is a staircase leading out of the dungeon here.
You start waiting.
You hear a shout! x3
Done waiting.
You have escaped!

#.........##....[.....##.....#
#.........##.##......##..#....
#.#########..########...##....
#.## ###..†.#.........####....
#..###...####.......##........
##..###...# #####...##.###....
##..##...#######...#..# #....
##.##...##.○.##...#.## #....
#..##.>.''§@.##...#.# #....
#..##...##...##...#.######..
#..##...####'##.#.....## #..
#..###'#####.##........###.8
#..##.....##.##.........##..
#...'..⌠..##.##.........##.8
##..#.....##.##.........##..
#..#..⌠..##.##.........##.8
#..#.....##.##.............


There were no monsters in sight!

Vanquished Creatures
  A seraph (Zot:1)
  5 dread liches
  3 ancient liches
  Mara (Vaults:5)
  2 orbs of fire (Zot:5)
  5 juggernauts
  Bai Suzhen (Vaults:5)
  9 Killer Klowns
  A shard shrike (Zot:3)
  Frederick (Vaults:2)
  Margery (Vaults:4)
  3 curse toes
  Vashnia (Snake:2)
  2 caustic shrikes (Depths:3)
  Saint Roka (Snake:3)
  Geryon (Hell)
  Jory (Depths:5)
  13 golden dragons
  Nikola (Snake:2)
  2 bone dragons
  2 Tzitzimimeh
  6 hellephants
  Jorgrun (Elf:1)
  2 electric golems
  8 liches
  25 Orb Guardians
  15 tentacled monstrosities
  Asterion (Elf:2)
  4 pandemonium lords
  8 titans
  5 quicksilver dragons
  7 sphinxes
  A kraken (Shoals:1)
  4 death cobs
  2 ancient champions (Hell)
  11 shadow dragons
  18 storm dragons
  8 tengu reavers
  5 nagarajas
  The ghost of pkoi the Brawler, an adept DrMo of Hepliaklqana (Shoals:1)
  Kirke (D:15)
  Donald (Elf:2)
  8 draconian monks
  Roxanne (Elf:1)
  18 fire giants
  8 iron dragons
  12 frost giants
  2 deep elf sorcerers
  17 vault wardens
  4 balrugs
  7 draconian knights
  An angel (Zot:1)
  A caustic shrike zombie (Depths:3)
  A ghost moth (Zot:2)
  2 deep elf elementalists (Depths:3)
  5 draconian shifters
  6 draconian scorchers
  An orc warlord (Vaults:2)
  A quicksilver ooze (shapeshifter) (Depths:3)
  6 draconian annihilators
  7 spriggan defenders
  32 stone giants
  2 draconian stormcallers
  A caustic shrike skeleton (Depths:3)
  9 very ugly things
  6 vampire knights
  4 reapers
  18 ironbound preservers
  7 war gargoyles
  Azrael (D:12)
  4 deep elf demonologists
  5 black draconians
  A lorocyproca (Depths:1)
  6 green draconians
  10 red draconians
  An entropy weaver (Vaults:1)
  12 spark wasps
  A minotaur (Gauntlet)
  8 white draconians
  3 deep elf annihilators
  7 dire elephants
  5 purple draconians
  11 yellow draconians
  8 ettins
  5 merfolk javelineers
  The ghost of DemonSlayer the Eclecticist, a journeyman DECj of Ashenzari (Orc:2)
  9 deep elf high priests
  A green death (Hell)
  2 crystal guardians
  5 merfolk impalers
  15 yaktaur captains
  15 fire dragons
  3 jiangshi (Depths:4)
  2 deep elf death magi (Vaults:5)
  6 great orbs of eyes
  Fannar (Lair:1)
  18 ice dragons
  A hydra (shapeshifter) (Depths:5)
  4 peacekeepers
  5 rakshasas
  9 ironbound thunderhulks
  17 hydras
  41 vault guards
  5 salamander tyrants
  19 naga warriors
  2 hell beasts
  An ogre mage (D:15)
  5 spriggan air magi
  5 boulder beetles
  Erica (D:10)
  4 merfolk avatars
  An alligator (shapeshifter) (D:15)
  2 alligator snapping turtles
  14 anacondas
  14 centaur warriors
  2 satyrs (Shoals:4)
  11 two-headed ogres
  8 deep troll shamans
  5 ironbound frosthearts
  7 merfolk aquamancers
  6 ironbound beastmasters
  4 spriggan berserkers
  2 vampire magi
  10 tengu warriors
  2 orc high priests (Elf:2)
  17 hell hogs
  24 dancing weapons
  2 death scarabs (Gauntlet)
  11 shock serpents
  9 deep troll earth magi
  7 sun demons
  11 hell knights
  2 soul eaters
  15 deep elf knights
  15 naga sharpshooters
  12 iron trolls
  24 sea snakes
  A shadow wraith (Vaults:5)
  12 salamander mystics
  5 skeletal warriors
  A goliath frog (shapeshifter) (Vaults:1)
  11 naga ritualists
  3 glowing orange brains
  A shadow demon (Depths:4)
  A cherub (Zot:1)
  An anaconda zombie (Hell)
  A spectral hydra (Gauntlet)
  49 deep trolls
  10 deep elf archers
  17 ironbound convokers
  4 lindwurms
  7 wizards
  An anaconda skeleton (Hell)
  A tengu zombie (Vaults:4)
  9 necromancers
  A wolf spider (shapeshifter) (Vaults:1)
  25 deep elf pyromancers
  12 mana vipers
  6 phantasmal warriors
  7 orc knights
  2 orc sorcerers
  A sphinx skeleton (Depths:3)
  16 deep elf zephyrmancers
  A wolf spider (D:15)
  7 harpies
  9 cyclopes
  A manticore (shapeshifter) (Vaults:5)
  A spectral boulder beetle (Gauntlet)
  28 fauns
  28 ugly things
  45 salamanders
  20 manticores
  A faun (shapeshifter) (Elf:2)
  4 oklob plants
  Joseph (D:9)
  18 moths of wrath
  7 rust devils (Hell)
  11 merfolk sirens
  2 frost giant skeletons (Depths:3)
  43 black mambas
  8 guardian serpents
  2 fire giant skeletons
  3 molten gargoyles (Hell)
  14 vault sentinels
  10 water nymphs
  14 elephants
  7 smoke demons
  2 apocalypse crabs (Shoals:2)
  A torpor snail (Lair:6)
  A guardian serpent (shapeshifter) (Vaults:5)
  2 gargoyles
  2 ice statues (IceCv)
  An orange demon (D:9)
  11 cane toads
  21 naga magi
  2 minotaur zombies (Gauntlet)
  A komodo dragon (shapeshifter) (Vaults:5)
  2 unseen horrors
  7 rime drakes
  5 tengu conjurers
  An efreet (D:15)
  A sea snake zombie (Hell)
  11 komodo dragons
  2 tormentors
  A guardian mummy (Zot:2)
  A human skeleton (Vaults:4)
  45 yaktaurs
  An anaconda simulacrum (IceCv)
  A hydra zombie (Hell)
  A red devil (Zot:3)
  8 freezing wraiths
  10 ice devils
  7 trolls
  2 polar bears
  11 meliai (Depths:3)
  19 merfolk
  Prince Ribbit (D:8)
  8 hornets
  15 dream sheep
  3 hydra skeletons (Hell)
  28 slime creatures
  5 wind drakes
  13 snapping turtles
  An alligator zombie (Hell)
  Grinder (D:4)
  A spectral dream sheep (Gauntlet)
  A human simulacrum (Vaults:4)
  13 blink frogs
  2 ettin skeletons (Hell)
  A centaur simulacrum (D:14)
  An ice dragon skeleton (Hell)
  A dire elephant simulacrum (IceCv)
  2 ynoxinuls
  A shadow (D:11)
  21 water elementals
  7 hogs
  An air elemental (Elf:2)
  3 wraiths
  73 yaks
  Sigmund (D:4)
  A vampire (D:9)
  5 spriggans
  2 tarantellas (shapeshifter) (Vaults:5)
  6 wyverns
  4 basilisks
  4 humans
  2 fire elementals
  6 steam dragons
  4 golden eyes (Depths:3)
  A neqoxec (Shoals:2)
  10 vampire mosquitoes
  2 death yak simulacra (IceCv)
  7 wargs
  A redback simulacrum (D:15)
  A spatial vortex (Shoals:2)
  54 nagas
  6 hydra simulacra (Depths:4)
  2 acid dragons
  13 hell hounds
  14 water moccasins
  A hornet zombie (D:8)
  A sky beast (D:6)
  A merfolk zombie (Shoals:2)
  2 black bears
  2 necrophages (D:6)
  5 ogres
  2 ice beasts
  40 orc warriors
  5 boggarts (D:14)
  A tengu (shapeshifter) (D:15)
  22 wolves
  A large abomination (Shoals:2)
  26 centaurs
  2 phantoms (D:6)
  9 kobold brigands
  5 small abominations (Gauntlet)
  9 bullfrogs
  A scorpion (D:4)
  3 earth elementals
  4 gnoll sergeants (D:11)
  An elephant simulacrum (Lair:1)
  A water moccasin skeleton (D:5)
  A killer bee (shapeshifter) (Vaults:5)
  6 killer bees
  5 wights
  3 electric eels
  2 howler monkeys
  A lava snake (D:13)
  A hound (D:6)
  11 jellies
  2 bullfrog zombies (D:6)
  2 centaur zombies
  8 orc priests
  A bullfrog skeleton (D:5)
  3 gnoll shamans
  2 iguanas (D:4)
  23 orc wizards
  Ijyb (D:3)
  Natasha (thrice) (D:4)
  A howler monkey zombie (D:8)
  22 gnolls
  5 adders
  A shadow imp (D:5)
  A white imp (D:7)
  An ufetubus (D:7)
  A worm (D:2)
  3 dart slugs
  83 orcs
  5 ball pythons
  20 endoplasms
  11 giant cockroaches
  12 goblins
  11 hobgoblins
  6 jackals
  6 quokkas
  9 bats
  2 frilled lizards (D:2)
  29 kobolds
  7 rats
  A butterfly (Lair:6)
  2 tentacles (Shoals:1)
2377 creatures vanquished.

Vanquished Creatures (collateral kills)
  A death knight (D:11)
1 creature vanquished.

Vanquished Creatures (others)
  An Orb Guardian (Zot:5)
  A green draconian (Zot:3)
  A merfolk impaler (Depths:3)
  A fire dragon (Zot:1)
  A rakshasa (Depths:3)
  An anaconda (Snake:2)
  A merfolk aquamancer (Shoals:4)
  A hell hog (Depths:4)
  2 naga magi
  2 black mambas (Snake:2)
  Psyche (D:9)
  A slime creature (D:13)
  An orc wizard (Elf:2)
  3 kobolds (D:9)
  28 fungi
  157 plants
  18 tentacles (Shoals:1)
221 creatures vanquished.

Grand Total: 2599 creatures vanquished

Notes
Turn   | Place    | Note
-------+----------+-------------------------------------------
     0 | D:1      | hikkokomori the Minotaur Fighter began the quest for the
                  | Orb.
     0 | D:1      | Reached XP level 1. HP: 19/19 MP: 0/0
   123 | D:1      | Reached XP level 2. HP: 26/27 MP: 1/1
   304 | D:1      | Reached skill level 4 in Fighting
   380 | D:1      | Reached XP level 3. HP: 33/33 MP: 2/2
  1032 | D:2      | Reached XP level 4. HP: 40/40 MP: 3/3
  1126 | D:2      | You fall into a shaft and drop 1 floor!
  1160 | D:3      | Found Haggouf's Magic Scroll Boutique.
  1170 | D:3      | Bought a scroll of identify for 28 gold pieces
  1170 | D:3      | Bought a scroll of teleportation for 42 gold pieces
  1322 | D:3      | Noticed Ijyb
  1332 | D:3      | Killed Ijyb
  1777 | D:3      | Found a faded altar of an unknown god.
  1991 | D:4      | Noticed Natasha
  2012 | D:4      | Killed Natasha
  2013 | D:4      | Reached XP level 5. HP: 3/47 MP: 4/4
  2208 | D:4      | Reached skill level 5 in Shields
  2305 | D:4      | Noticed an ogre
  2574 | D:4      | Reached skill level 5 in Armour
  2578 | D:4      | Reached skill level 5 in Fighting
  2647 | D:4      | Noticed Natasha
  2654 | D:4      | Killed Natasha
  2655 | D:4      | Reached XP level 6. HP: 45/56 MP: 5/5
  2781 | D:5      | Entered Level 5 of the Dungeon
  2959 | D:5      | Noticed an ice beast
  2970 | D:5      | Killed an ice beast
  2971 | D:5      | Reached skill level 5 in Polearms
  2971 | D:5      | Reached XP level 7. HP: 56/62 MP: 2/6
  3219 | D:5      | Reached skill level 6 in Fighting
  3633 | D:5      | Found a staircase to the Ecumenical Temple.
  3708 | Temple   | Entered the Ecumenical Temple
  3841 | Temple   | Became a worshipper of Qazlal Stormbringer
  3979 | D:4      | Noticed Sigmund
  3990 | D:4      | Killed Sigmund
  3990 | D:4      | Noticed Natasha
  3995 | D:4      | Killed Natasha
  4128 | D:4      | Noticed Grinder
  4135 | D:4      | Killed Grinder
  4136 | D:4      | Reached XP level 8. HP: 54/71 MP: 2/7
  4821 | D:4      | Reached skill level 7 in Fighting
  6150 | D:6      | Reached * piety under Qazlal
  6220 | D:6      | Reached XP level 9. HP: 56/81 MP: 2/8
  6401 | D:6      | Reached skill level 8 in Fighting
  7510 | D:8      | Reached ** piety under Qazlal
  7754 | D:8      | Noticed Prince Ribbit
  7771 | D:8      | Killed Prince Ribbit
  7772 | D:8      | Reached skill level 1 in Invocations
  8243 | D:9      | Reached skill level 9 in Fighting
  8248 | D:9      | Noticed Psyche
  8270 | D:9      | Killed Psyche
  8343 | D:8      | Reached XP level 10. HP: 37/91 MP: 3/10
  8756 | D:9      | Reached *** piety under Qazlal
  9203 | D:9      | Reached skill level 10 in Armour
  9203 | D:9      | Reached skill level 10 in Shields
  9523 | D:9      | Noticed Joseph
  9534 | D:9      | Reached skill level 10 in Fighting
  9543 | D:9      | Killed Joseph
  9687 | D:10     | Entered Level 10 of the Dungeon
  9733 | D:10     | Noticed Erica
  9746 | D:10     | Killed Erica
  9747 | D:10     | Reached skill level 10 in Polearms
  9876 | D:10     | Reached XP level 11. HP: 101/101 MP: 4/13
 10018 | D:10     | Noticed a two-headed ogre
 10033 | D:10     | Killed a two-headed ogre
 10092 | D:10     | Reached skill level 5 in Invocations
 10235 | D:10     | Found an ornate altar of the Wu Jian Council.
 10433 | D:10     | Noticed a two-headed ogre
 10439 | D:10     | Killed a two-headed ogre
 10673 | D:11     | Reached **** piety under Qazlal
 10714 | D:11     | Reached skill level 11 in Fighting
 10921 | D:11     | Noticed a two-headed ogre
 10937 | D:11     | Killed a two-headed ogre
 11115 | D:11     | Found a staircase to the Lair.
 11482 | D:11     | Reached XP level 12. HP: 88/110 MP: 5/15
 11487 | D:11     | Reached ***** piety under Qazlal
 11628 | D:11     | Found a staircase to the Orcish Mines.
 11672 | D:12     | Identified 2 scrolls of acquirement
 11673 | D:12     | Acquired a +1 demon trident of electrocution
 11675 | D:12     | Acquired the ring "Amuido Tyep" {rPois rF+}
 11692 | D:12     | Noticed Azrael
 11715 | D:12     | Killed Azrael
 11927 | D:12     | Noticed a death knight
 12182 | Orc:1    | Entered Level 1 of the Orcish Mines
 12489 | D:12     | Found a sparkling altar of Nemelex Xobeh.
 12531 | D:12     | Identified the +1 scale mail "Ceonolizeb" {+Inv Fly Will-
                  | Slay+2}
 12557 | D:12     | Reached skill level 12 in Fighting
 12686 | D:12     | Noticed a seven-headed hydra
 12690 | D:12     | Killed a seven-headed hydra
 12847 | D:12     | Noticed a boulder beetle
 12856 | D:12     | Killed a boulder beetle
 12949 | D:12     | Identified the +12 broad axe "Mumnat" {protect, rElec rCorr
                  | Int-3 Dex-3}
 13428 | D:11     | Killed a death knight
 13429 | D:11     | Reached skill level 1 in Axes
 13830 | Lair:1   | Entered Level 1 of the Lair of Beasts
 13838 | Lair:1   | You fall into a shaft and drop 1 floor!
 13839 | Lair:2   | Noticed a six-headed hydra
 13850 | Lair:2   | Killed a six-headed hydra
 13966 | Lair:2   | Found the +2 cloak of the Thief {*Fog Slay-2 SInv Stlth+}
 14033 | Lair:2   | Noticed a four-headed hydra
 14039 | Lair:2   | Killed a four-headed hydra
 14040 | Lair:2   | Reached XP level 13. HP: 109/119 MP: 18/18
 14196 | Lair:1   | Found a frozen archway.
 14210 | IceCv    | Entered an ice cave
 14380 | IceCv    | Found a transporter.
 14393 | IceCv    | Found a transporter.
 14793 | Lair:1   | Noticed Fannar
 14800 | Lair:1   | Killed Fannar
 15713 | Lair:3   | Reached skill level 13 in Fighting
 15796 | Lair:3   | Reached ****** piety under Qazlal
 15857 | Lair:3   | Reached skill level 5 in Axes
 16021 | Lair:3   | Found a staircase to the Snake Pit.
 16752 | Lair:4   | Found a gate leading to a gauntlet.
 16763 | Gauntlet | Entered a Gauntlet
 16763 | Gauntlet | Found a large runed translucent door.
 16763 | Gauntlet | Found a large runed translucent door.
 16763 | Gauntlet | Found a large runed translucent door.
 16763 | Gauntlet | Found a large runed translucent door.
 16763 | Gauntlet | Found a large runed translucent door.
 16763 | Gauntlet | Found a large runed translucent door.
 16763 | Gauntlet | Found a large runed translucent door.
 16763 | Gauntlet | Found a large runed translucent door.
 16763 | Gauntlet | Found a runed translucent door.
 16763 | Gauntlet | Found a runed translucent gate.
 16763 | Gauntlet | Found a transporter.
 16763 | Gauntlet | Found a transporter.
 16763 | Gauntlet | Found a runed translucent gate.
 16763 | Gauntlet | Found a transporter.
 16764 | Gauntlet | Found a runed translucent door.
 16764 | Gauntlet | Found a runed translucent gate.
 16768 | Gauntlet | Found a transporter.
 16774 | Gauntlet | Found a large runed translucent door.
 16774 | Gauntlet | Found a large runed translucent door.
 16775 | Gauntlet | Found a large runed translucent door.
 16781 | Gauntlet | Found a transporter.
 16781 | Gauntlet | Found a transporter.
 16792 | Gauntlet | Found a transporter.
 16794 | Gauntlet | Found a transporter.
 16797 | Gauntlet | Found a transporter.
 16797 | Gauntlet | Found a transporter.
 16806 | Gauntlet | Noticed an entropy weaver
 16817 | Gauntlet | Found a transporter.
 16858 | Gauntlet | Found a large runed translucent door.
 16858 | Gauntlet | Found a large runed translucent door.
 16859 | Gauntlet | Found a large runed translucent door.
 16860 | Gauntlet | Found a large runed translucent door.
 16860 | Gauntlet | Found a large runed translucent door.
 16919 | Gauntlet | Identified the +1 plate armour of Ytihuoc {rElec Int+2
                  | Dex-2}
 16973 | Gauntlet | Identified the amulet of Finality {rC+ Regen+}
 17055 | Gauntlet | Found a transporter.
 17066 | Gauntlet | Identified the +9 war axe of Iconoclasm {speed, Will+}
 17066 | Gauntlet | Identified the +9 plate armour "Bamush" {Will++ Regen+ SInv
                  | Stlth+}
 17066 | Gauntlet | Noticed a minotaur
 17073 | Gauntlet | Killed a minotaur
 17110 | Gauntlet | Reached XP level 14. HP: 98/130 MP: 20/20
 17215 | Gauntlet | Identified the +2 helmet "Zicinloh" {rF++ rC+++ rCorr
                  | Int-5}
 17216 | Gauntlet | Got the Reference Book on Spatial Conjuration
 17326 | Lair:4   | Found a staircase to the Shoals.
 18052 | Lair:5   | Reached skill level 14 in Fighting
 18510 | Lair:6   | Entered Level 6 of the Lair of Beasts
 18522 | Lair:6   | Reached skill level 10 in Invocations
 18621 | Lair:6   | Found a staircase to the Slime Pits.
 19550 | D:13     | Reached XP level 15. HP: 128/139 MP: 22/22
 19705 | D:13     | Found a portal to a secret trove of treasure.
 20326 | D:14     | Found a flagged portal.
 20364 | Bailey   | Entered a bailey
 20597 | D:14     | Found Vetrogac's Self-Improvement Boutique.
 20689 | D:14     | Reached skill level 15 in Fighting
 20689 | D:14     | Reached skill level 15 in Armour
 20917 | D:14     | Reached skill level 15 in Shields
 20929 | D:14     | Reached skill level 10 in Axes
 20980 | D:14     | Found a gate to the Vaults.
 21076 | D:14     | Found Xequsij's Distillery.
 21079 | D:14     | Bought a potion of curing for 36 gold pieces
 21079 | D:14     | Bought a potion of berserk rage for 60 gold pieces
 21079 | D:14     | Bought a potion of heal wounds for 60 gold pieces
 21079 | D:14     | Bought a potion of might for 48 gold pieces
 21413 | D:15     | Entered Level 15 of the Dungeon
 21616 | D:15     | Noticed Kirke
 21626 | D:15     | Killed Kirke
 21882 | D:15     | Found a staircase to the Depths.
 22279 | Orc:2    | Entered Level 2 of the Orcish Mines
 22523 | Orc:2    | Found a staircase to the Elven Halls.
 22584 | Orc:2    | Found a runed translucent door.
 22585 | Orc:2    | Noticed DemonSlayer's ghost (journeyman DECj)
 22939 | Orc:2    | Found Tunojur's Weapon Emporium.
 22939 | Orc:2    | Found Pouraugh's Antique Weapon Boutique.
 22941 | Orc:2    | Found Faweof's Antique Weapon Shop.
 22943 | Orc:2    | Found Guexziru's Magic Scroll Shoppe.
 22959 | Orc:2    | Bought a scroll of blinking for 112 gold pieces
 23173 | Orc:2    | Killed DemonSlayer's ghost
 23326 | Snake:1  | Entered Level 1 of the Snake Pit
 23333 | Snake:1  | Reached XP level 16. HP: 135/150 MP: 13/23
 23437 | Snake:1  | Reached skill level 16 in Fighting
 23609 | Snake:1  | Found Terrora's Distillery.
 23611 | Snake:1  | Found Jicwiats's Antique Weapon Shop.
 23612 | Snake:1  | Found Biecvaugg's Distillery.
 23624 | Snake:1  | Bought a potion of cancellation for 104 gold pieces
 23624 | Snake:1  | Bought a potion of curing for 39 gold pieces
 23624 | Snake:1  | Bought 2 potions of heal wounds for 130 gold pieces
 23624 | Snake:1  | Bought a potion of haste for 130 gold pieces
 23941 | Snake:1  | Found Temuuzon's Antique Armour Shop.
 23948 | Snake:1  | Bought a pair of transparent boots for 285 gold pieces
 23948 | Snake:1  | Identified the +2 pair of boots "Rucasem" {Str+4} (You
                  | bought it in a shop on level 1 of the Snake Pit)
 24262 | Snake:2  | Identified the +2 pair of gloves of Springtime {rPois rF+
                  | Int+3}
 24262 | Snake:2  | Noticed Nikola
 24353 | Snake:2  | Killed Nikola
 24439 | Snake:2  | Noticed Vashnia
 24445 | Snake:2  | Reached skill level 1 in Dodging
 24463 | Snake:2  | Killed Vashnia
 24568 | Snake:2  | Reached XP level 17. HP: 116/160 MP: 25/25
 24848 | Snake:2  | Found Setuotiss's Jewellery Shop.
 24849 | Snake:2  | Found Qikel's Book Emporium.
 24850 | Snake:2  | Found Seci's Jewellery Shop.
 25257 | Snake:3  | Reached skill level 17 in Fighting
 25441 | Snake:3  | Noticed Saint Roka
 25464 | Snake:3  | Killed Saint Roka
 25675 | Snake:3  | Reached skill level 5 in Dodging
 26157 | Snake:4  | Entered Level 4 of the Snake Pit
 26372 | Snake:4  | Reached XP level 18. HP: 88/170 MP: 27/27
 27014 | Snake:4  | Got a serpentine rune of Zot
 27312 | Shoals:1 | Entered Level 1 of the Shoals
 27494 | Shoals:1 | Noticed pkoi's ghost (adept DrMo)
 27518 | Shoals:1 | Identified the +1 chain mail of the Shining Light {Harm
                  | rPois Int+5}
 27532 | Shoals:1 | Found a runed translucent gate.
 27532 | Shoals:1 | Found a runed translucent gate.
 27532 | Shoals:1 | Found a runed translucent gate.
 27603 | Shoals:1 | Reached skill level 18 in Fighting
 27630 | Shoals:1 | Found Zauvimun's Antique Weapon Shop.
 27907 | Shoals:1 | Found a basalt altar of Yredelemnul.
 28174 | Shoals:1 | Killed pkoi's ghost
 28317 | Shoals:2 | Found a runed translucent door.
 28338 | Shoals:2 | Found a corrupted altar of Lugonu.
 28341 | Shoals:2 | Found a one-way gate to the infinite horrors of the Abyss.
 28382 | Shoals:2 | Learned a level 2 spell: Blink
 28955 | Shoals:3 | Reached skill level 1 in Translocations
 29507 | Shoals:4 | Entered Level 4 of the Shoals
 29537 | Shoals:4 | Reached skill level 15 in Axes
 29537 | Shoals:4 | Reached XP level 19. HP: 140/180 MP: 17/28
 29799 | Shoals:4 | Found Nithu's Magic Scroll Boutique.
 29874 | Shoals:4 | Identified the +8 mace "Cyirghi" {speed, Str+7}
 30009 | Shoals:4 | Got a barnacled rune of Zot
 30776 | Vaults:1 | Entered Level 1 of the Vaults
 30829 | Vaults:1 | Reached skill level 15 in Invocations
 30845 | Vaults:1 | Reached skill level 10 in Dodging
 30963 | Vaults:1 | Found Ojaic's Magic Scroll Boutique.
 31193 | Vaults:1 | Reached skill level 19 in Fighting
 31293 | Vaults:1 | Got Kikubaaqudgha's Reference Book on Black Rites
 31309 | Vaults:1 | Identified the +3 ring mail of Restlessness {Rampage Will+
                  | Int+2}
 31573 | Vaults:1 | Identified the amulet "Xuivaif" {Fly Will+ Regen+}
 31792 | Vaults:2 | Noticed Frederick
 31798 | Vaults:2 | Killed Frederick
 32111 | Vaults:2 | Reached XP level 20. HP: 191/191 MP: 30/30
 32363 | Vaults:2 | Reached skill level 5 in Translocations
 32953 | Vaults:3 | Found a staircase to the Crypt.
 32953 | Vaults:3 | Found an ancient bone altar of Kikubaaqudgha.
 32954 | Vaults:3 | Found a basalt altar of Yredelemnul.
 33806 | Crypt:1  | Entered Level 1 of the Crypt
 34227 | Vaults:4 | Reached skill level 20 in Fighting
 34316 | Vaults:4 | Reached XP level 21. HP: 188/201 MP: 32/32
 34559 | Vaults:4 | Reached skill level 1 in Evocations
 34640 | Vaults:4 | Noticed Margery
 34645 | Vaults:4 | Killed Margery
 34807 | Vaults:4 | Found a gateway to a bazaar.
 35643 | Snake:1  | Bought a runed hat for 210 gold pieces
 35850 | Elf:1    | Entered Level 1 of the Elven Halls
 36423 | Elf:1    | Noticed Roxanne
 36437 | Elf:1    | Killed Roxanne
 36469 | Elf:1    | Noticed Jorgrun
 36483 | Elf:1    | Killed Jorgrun
 36742 | Elf:1    | Found a runed translucent gate.
 36742 | Elf:1    | Found a runed translucent gate.
 36742 | Elf:1    | Found a runed translucent gate.
 36742 | Elf:1    | Found a runed translucent gate.
 36742 | Elf:1    | Found a runed translucent gate.
 36747 | Elf:1    | Found a runed translucent gate.
 36958 | Elf:2    | Reached skill level 5 in Evocations
 37054 | Elf:2    | Identified the +2 robe of the Heavens {rElec rF+ Stlth+}
 37085 | Elf:2    | Noticed Asterion
 37097 | Elf:2    | Reached XP level 22. HP: 161/203 MP: 25/33
 37106 | Elf:2    | Killed Asterion
 37218 | Elf:2    | Identified the +1 ring mail of Cotusi Fye {rElec rPois
                  | Str+2 Dex-2}
 37382 | Elf:2    | Found a huge runed translucent gate.
 37382 | Elf:2    | Found a huge runed translucent gate.
 37388 | Elf:2    | Found a huge runed translucent gate.
 37389 | Elf:2    | Found a huge runed translucent gate.
 37390 | Elf:2    | Found a huge runed translucent gate.
 37461 | Elf:2    | Reached skill level 21 in Fighting
 37462 | Elf:2    | Noticed Donald
 37470 | Elf:2    | Killed Donald
 37980 | Depths:1 | Entered Level 1 of the Depths
 38199 | Depths:1 | Found a gateway to Hell.
 38476 | Depths:1 | Found a stormy altar of Qazlal.
 38871 | Depths:1 | Identified the +5 scale mail of Inviolability {rF+ Will-
                  | rCorr}
 38893 | Depths:1 | Learned a level 4 spell: Passage of Golubria
 38899 | Depths:1 | Learned a level 5 spell: Manifold Assault
 38901 | Depths:1 | Learned a level 1 spell: Apportation
 38905 | Depths:1 | Learned a level 3 spell: Lesser Beckoning
 38909 | Depths:1 | Learned a level 3 spell: Teleport Other
 39069 | Hell     | Entered the Vestibule of Hell
 39069 | Hell     | Noticed Geryon
 39090 | Hell     | Killed Geryon
 39099 | Hell     | Reached skill level 1 in Spellcasting
 39269 | Hell     | Reached XP level 23. HP: 170/222 MP: 34/34
 39307 | Hell     | Reached skill level 15 in Dodging
 39524 | Hell     | Found a gateway to the ashen valley of Gehenna.
 39597 | Hell     | Found a gateway to the decaying netherworld of Tartarus.
 39666 | Hell     | Found a gateway to the freezing wastes of Cocytus.
 39778 | Hell     | Found a gateway to the Iron City of Dis.
 39973 | D:13     | You paid a toll of a +6 demon whip to enter a treasure
                  | trove
 39974 | Trove    | Entered a treasure trove
 39978 | Trove    | Identified the +7 battleaxe of the Queen {elec, +Blink
                  | rCorr Str-5 Int+6}
 39981 | Trove    | Identified the +4 quarterstaff of Axuuwudd {drain, rC+
                  | Str+7 Int+4 Stlth-}
 39985 | Trove    | Identified the +8 fustibalus of Gamofeti {speed, Contam
                  | Will++ Int+8}
 39990 | Trove    | Identified the +9 trident "Laclukli" {antimagic, rPois}
 40640 | Depths:2 | Reached skill level 22 in Fighting
 40720 | Depths:2 | Reached skill level 10 in Translocations
 40753 | Depths:2 | Identified the +8 glaive "Edi Lotoo" {antimagic, Fly rPois
                  | rF- Stlth+}
 40962 | Depths:2 | Identified the +11 flail of Wyrd {flame, Stlth+}
 41950 | Depths:3 | Noticed a caustic shrike
 42044 | Depths:3 | Noticed a juggernaut
 42065 | Depths:3 | Killed a juggernaut
 42066 | Depths:3 | Reached XP level 24. HP: 80/233 MP: 34/34
 42383 | Depths:3 | Reached skill level 10 in Evocations
 42446 | Depths:3 | Reached skill level 5 in Spellcasting
 42491 | Depths:3 | Noticed a juggernaut
 42579 | Depths:3 | Killed a juggernaut
 42747 | Depths:3 | Found a gateway to a ziggurat.
 42799 | Depths:3 | Found a one-way gate leading to the halls of Pandemonium.
 42804 | Depths:3 | Identified the +6 flail "Lifebane" {pain, rPois rF+}
 43414 | Snake:1  | Bought a brightly glowing crystal plate armour for 2550
                  | gold pieces
 43414 | Snake:1  | Identified the +1 crystal plate armour "Puin" {rPois Dex+2}
                  | (You bought it in a shop on level 1 of the Snake Pit)
 43414 | Snake:1  | Bought a slimy plate armour for 840 gold pieces
 43414 | Snake:1  | Identified the +6 plate armour "Woathroa" {rPois rCorr}
                  | (You bought it in a shop on level 1 of the Snake Pit)
 43785 | Depths:4 | Found a white marble altar of Elyvilon.
 43804 | Depths:4 | Found a bloodstained altar of Trog.
 43804 | Depths:4 | Found a shimmering blue altar of Sif Muna.
 43806 | Depths:4 | Found a shimmering blue altar of Sif Muna.
 43806 | Depths:4 | Found a shimmering altar of Xom.
 43806 | Depths:4 | Found a bloodstained altar of Trog.
 43966 | Depths:4 | Identified the +7 quarterstaff of Ereyschunei {freeze,
                  | rCorr Dex+3}
 43975 | Depths:4 | Noticed a juggernaut
 44001 | Depths:4 | Killed a juggernaut
 44389 | Depths:4 | Reached skill level 23 in Fighting
 44945 | Depths:5 | Entered Level 5 of the Depths
 44945 | Depths:5 | Found Cyvav's Weapon Emporium.
 44948 | Depths:5 | Noticed a juggernaut
 44956 | Depths:5 | Noticed a juggernaut
 44960 | Depths:5 | Killed a juggernaut
 45035 | Depths:5 | Killed a juggernaut
 45050 | Depths:5 | Reached XP level 25. HP: 210/243 MP: 32/34
 45136 | Depths:5 | Noticed Jory
 45150 | Depths:5 | Killed Jory
 45224 | Depths:5 | Reached XP level 26. HP: 251/251 MP: 34/34
 45492 | Depths:5 | Found a gate to the Realm of Zot.
 46035 | Vaults:5 | Entered Level 5 of the Vaults
 46065 | Vaults:5 | Noticed a dread lich
 46073 | Vaults:5 | Killed a dread lich
 46262 | Vaults:5 | Identified the +7 plate armour "Balor" {rC+ rCorr Dex-5}
 46401 | Vaults:5 | Identified the +4 whip "Tocuulew" {protect, +Rage Int+3}
 46406 | Vaults:5 | Noticed Mara
 46416 | Vaults:5 | Noticed hikkokomori's illusion
 46422 | Vaults:5 | Killed Mara
 46567 | Vaults:5 | Reached skill level 24 in Fighting
 46619 | Vaults:5 | Noticed an ancient lich
 46635 | Vaults:5 | Killed an ancient lich
 46799 | Vaults:5 | Reached XP level 27. HP: 261/261 MP: 35/35
 46897 | Vaults:5 | Got a silver rune of Zot
 47021 | Vaults:5 | Noticed an ancient lich
 47036 | Vaults:5 | Killed an ancient lich
 47121 | Vaults:5 | Noticed Bai Suzhen
 47147 | Vaults:5 | Killed Bai Suzhen
 47444 | Vaults:5 | Identified the +0 leather armour "Lococ" {Rampage rF+ rC+
                  | Dex-3}
 47509 | Vaults:5 | Acquired 663 gold pieces
 47510 | Vaults:5 | Acquired the amulet of Gluttony {Reflect rN+ Int+2 SH+5}
 47961 | Zot:1    | Entered Level 1 of the Realm of Zot
 48145 | Zot:1    | Identified the +2 robe of Inecaxug {Int+4}
 50405 | Zot:2    | Reached skill level 25 in Fighting
 52765 | Zot:5    | Entered Level 5 of the Realm of Zot
 53255 | Zot:5    | Noticed a dread lich
 53270 | Zot:5    | Killed a dread lich
 53271 | Zot:5    | Reached skill level 26 in Fighting
 53274 | Zot:5    | Noticed a dread lich
 53279 | Zot:5    | Killed a dread lich
 53441 | Zot:5    | Noticed an ancient lich
 53442 | Zot:5    | Noticed an orb of fire
 53446 | Zot:5    | Noticed a dread lich
 53462 | Zot:5    | Gained mutation: Your magical capacity is low. (-10% MP)
                  | [an orb of fire]
 53463 | Zot:5    | Killed an orb of fire
 53464 | Zot:5    | Reached skill level 15 in Translocations
 53469 | Zot:5    | Killed an ancient lich
 53493 | Zot:5    | Killed a dread lich
 53939 | Zot:5    | Noticed a dread lich
 53956 | Zot:5    | Killed a dread lich
 54008 | Zot:5    | Noticed an orb of fire
 54008 | Zot:5    | Gained mutation: Your spells are a little easier to cast,
                  | but a little less powerful. [an orb of fire]
 54017 | Zot:5    | Gained mutation: You are dopey. (Int -2) [an orb of fire]
 54019 | Zot:5    | Gained mutation: Armour fits poorly on your strangely
                  | shaped body. [an orb of fire]
 54023 | Zot:5    | Gained mutation: You are weak. (Str -2) [an orb of fire]
 54023 | Zot:5    | Gained mutation: Potions are less effective at restoring
                  | your health. [an orb of fire]
 54029 | Zot:5    | Killed an orb of fire
 54080 | Zot:5    | Lost mutation: Your spells are a little easier to cast, but
                  | a little less powerful. [potion of mutation]
 54080 | Zot:5    | Lost mutation: You are dopey. (Int -2) [potion of mutation]
 54080 | Zot:5    | Lost mutation: You are weak. (Str -2) [potion of mutation]
 54080 | Zot:5    | Gained mutation: You sometimes lose the ability to read
                  | scrolls when taking damage. [potion of mutation]
 54080 | Zot:5    | Gained mutation: Your movements are slightly less
                  | encumbered by armour. (ER -2) [potion of mutation]
 54081 | Zot:5    | Lost mutation: Your magical capacity is low. (-10% MP)
                  | [potion of mutation]
 54081 | Zot:5    | Lost mutation: Armour fits poorly on your strangely shaped
                  | body. [potion of mutation]
 54081 | Zot:5    | Lost mutation: You sometimes lose the ability to read
                  | scrolls when taking damage. [potion of mutation]
 54081 | Zot:5    | Gained mutation: Your spells are a little harder to cast,
                  | but a little more powerful. [potion of mutation]
 54081 | Zot:5    | Lost mutation: Your movements are slightly less encumbered
                  | by armour. (ER -2) [potion of mutation]
 54081 | Zot:5    | Gained mutation: Potions cannot restore your health.
                  | [potion of mutation]
 54101 | Zot:5    | Got the Orb of Zot
 54276 | Zot:1    | Noticed a seraph
 54276 | Zot:1    | Identified the +3 buckler of Zunk {Str+3 Int+5}
 54289 | Zot:1    | Killed a seraph
 54432 | Depths:4 | Noticed Waopeozi the pandemonium lord
 54439 | Depths:4 | Killed Waopeozi the pandemonium lord
 54735 | D:15     | Noticed Nestiq the pandemonium lord
 54747 | D:15     | Killed Nestiq the pandemonium lord
 54777 | D:14     | Noticed Nenenaca the pandemonium lord
 54790 | D:14     | Killed Nenenaca the pandemonium lord
 54914 | D:9      | Noticed Haapara the pandemonium lord
 54932 | D:9      | Killed Haapara the pandemonium lord
 55037 | D:6      | Noticed Ciawej the pandemonium lord
 55259 | D:$      | Escaped with the Orb!

Illustrated notes

Levels and vault maps discovered:
D:1:      dpeg_arrival_simpleton_b, layout_rooms, serial_corexii_hall,
          corexii_hall_statues_deadend, chequers_hall_statues_corner_a,
          minmay_misc_feat_pillars, minivault_11, minmay_misc_feat_four_crosses
D:2:      layout_rooms, minmay_misc_feat_alley, guppyfry_early_orc_mine
D:3:      layout_loops_corners, serial_shops, shop_fountains,
          hellmonk_ecumenical_altar_run_dry, hangedman_decor_growths, uniq_ijyb
D:4:      layout_rooms, uniq_grinder, uniq_sigmund, uniq_natasha
D:5:      layout_cave_pools, lemuel_temple_firewalk_a,
          chequers_serial_rivers_marsh
D:6:      layout_loops_ring, nicolae_sextant, grunt_decor_resistance
D:7:      layout_basic
D:8:      layout_cave_pools, uniq_prince_ribbit1
D:9:      layout_stronghold, serial_park_tiny_1, statue_in_the_mist_lemuel,
          uniq_psyche, uniq_joseph
D:10:     layout_roguey, mainiacjoe_overflow_surrounded_room, grunt_livestock,
          uniq_erica
D:11:     layout_rooms, erik_lair_orcish_takeover,
          kennysheep_orc_monster_closet_entryway
D:12:     layout_stronghold, nemelex_spade_bored_becter, uniq_azrael
D:13:     layout_basic, enter_trove_0
D:14:     layout_gridville, erik_vaults_2, enter_bailey_5, serial_shops,
          nicolae_shop_behind_doors, hellmonk_bongcloud_opening,
          nicolae_shop_self_help
D:15:     hangedman_depths_entry_try_elsewhere_first, layout_rooms,
          chequers_serial_rivers_micro_a, st_stairs_2, uniq_kirke
Temple:   minmay_crystal_snake_temple
Lair:1:   lemuel_slime, layout_long_grid, portal_ice_cave_entry_ice_simulacra,
          uniq_fannar
Lair:2:   layout_chaotic_city, serial_bayou_shore_a, grunt_megastairs_2,
          minmay_lair_oklob_chamber, infiniplex_staircase_pool_2
Lair:3:   layout_regular_city, guppyfry_snake_entry_garden
Lair:4:   layout_loops_ring, elwin_shoals_entry_rocks, gauntlet_entry_generic
Lair:5:   layout_long_grid
Lair:6:   gammafunk_lair_ancient_temple, layout_misc_corridors,
          nicolae_slime_entry_slimehenge, lemuel_fruit_fields
Shoals:1: layout_shoals, serial_shops,
          nicolae_shop_temple_entry_statues_fountains, gammafunk_ghost_split,
          lemuel_centaur_altar
Shoals:2: layout_shoals, nicolae_shoals_abyss_on_the_beach
Shoals:3: layout_shoals
Shoals:4: shoals_end_grunt_garden, layout_shoals, serial_shops, shop,
          nicolae_shoals_nautilus_by_nature
Snake:1:  layout_layer_cave, serial_shops, shop, nicolae_wooded_promenade
Snake:2:  layout_misc_corridors, minmay_shop_grove, grunt_megastairs_3,
          lemuel_fruit_tree, uniq_nikola, uniq_vashnia
Snake:3:  layout_gridlike, drop_trap, serial_bayou_lake_a, uniq_saint_roka
Snake:4:  johnstein_snake_rune_scales, layout_onion_interference, st_stairs_2
Orc:1:    layout_caves, minmay_orc_barracks
Orc:2:    st_orc_rangers, layout_diamond_mine, ebering_ghost_inner_flame,
          guppyfry_library_mini
Elf:1:    eino_elf_arrival_sip, layout_geoelf_grid, orc_legates, uniq_roxanne,
          uniq_jorgrun
Elf:2:    elven_hall_of_blades_hangedman_alternative
          [nicolae_blade_entry_diamond_columns], layout_geoelf_diagonals,
          special_room [special_room_mythical_zoo], uniq_donald, uniq_asterion
Vaults:1: vaults_dpeg_encased_lava, st_octagons_1, ontoclasm_vaults_twist,
          nicolae_vaults_theta, vaults_room_octagon,
          vaults_mumra_minichess_inversion, v_pattern_1, vaults_dpeg_hooks,
          nicolae_vaults_little_ls, layout_vaults_big_room, serial_shops,
          shop_fountains
Vaults:2: v_misc_9, nicolae_vaults_ring_of_whatevers,
          nicolae_vaults_stairing_the_circle, nicolae_vaults_diagonal_hallway_7,
          nicolae_vaults_specimen_jars, v_misc_30, dpeg_vaults_monster_box,
          ontoclasm_vaults_decontamination, hangedman_vaults_nodes,
          nicolae_vaults_little_squares_5, grunt_vaults_hallway_long,
          nicolae_vaults_what_the_h, nicolae_vaults_shelves_hall, v_misc_25,
          layout_vaults_maze_bifur, uniq_frederick
Vaults:3: minmay_crypt_entry_necro_gods, ontoclasm_vaults_tryst,
          ontoclasm_vaults_ring_square, v_misc_16, nicolae_vaults_angled_halls,
          v_misc_31, v_pattern_3, nicolae_vaults_little_squares_2, v_misc_4,
          hangedman_vaults_maws, hangedman_vaults_stream,
          nicolae_vaults_asterisk, layout_vaults_omnibox
Vaults:4: hangedman_vaults_capsules, v_pattern_5, nicolae_vaults_back_hallway,
          nicolae_vaults_network_quinsquares
          [nicolae_vaults_network_quincunx_subvault,
          nicolae_vaults_network_quincunx_subvault,
          nicolae_vaults_network_quincunx_subvault,
          nicolae_vaults_network_quincunx_subvault], st_more_cells,
          ontoclasm_vaults_hangar, nicolae_vaults_shelves_hall,
          vaults_standard_mumra_x, vaults_room_fours,
          nicolae_vaults_shelves_hall, nicolae_vaults_little_squares_5,
          v_misc_26, layout_vaults_omnicross, serial_shops, bzr_in_the_mist,
          uniq_margery
Vaults:5: uniq_bai_suzhen, uniq_mara
Crypt:1:  layout_chaotic_city, skrybe_necro_troll_1, grunt_crypt_arrival_webbed
Depths:1: minmay_nine_rooms, layout_gridville, nicolae_qazlal_eye_of_the_storm,
          hell_entry, st_stairs_14, amcnicky_mini_corridor_feature,
          grunt_potential
Depths:2: minmay_the_grid_plus_closed [minmay_the_grid_armoury,
          minmay_the_grid_tree, minmay_the_grid_paths, minmay_the_grid_dragon_a,
          minmay_the_grid_prize_four_corners_diamond_b], layout_honeycomb,
          hell_entry
Depths:3: box_level_dp, hell_entry, pan_entry
Depths:4: cheibrodos_hall_of_evolution, layout_gridlike,
          infiniplex_staircase_squiggle, grunt_hell_horde,
          rand_demon_pan_entry_9, abyss_entry_small_statue_room,
          doesnt_xom_only_xom
Depths:5: grunt_twist_and_shout, layout_cross, nicolae_two_hexagons,
          serial_shops, shop, hellmouth_1, uniq_jory
Hell
Zot:1:    minmay_elemental_castle, layout_onion
Zot:2:    layout_cathedral_of_symmetry, hangedman_player_shredder
Zot:3:    circus_mu, layout_concentric_octagons
Zot:4:    layout_gridlike
Zot:5:    layout_basic, st_stairs_6

Skill      XL: |  1  2  3  4  5  6  7  8  9 10 11 12 13 14 15 16 17 18 19 20 21 22 23 24 25 26 27 |
---------------+----------------------------------------------------------------------------------+-----
Fighting       | 4 5 6 7 9 10 11 12 13 14 15 16 17 18 19 20 21 22 23 24 26 | 26.9
Armour         | 4 5 6 8 9 10 11 12 13 14 15 16 17 18 19 23 | 23.0
Shields        | 4 5 6 8 9 10 11 12 13 14 15 16 | 16.4
Polearms       | 3 4 5 6 7 8 10 11 | 11.9
Invocations    | 2 4 6 8 9 10 11 12 13 14 15 16 17 18 | 18.7
Axes           | 3 6 9 11 12 13 15 16 17 | 17.2
Dodging        | 2 6 9 10 12 13 14 16 17 18 21 | 21.8
Translocations | 2 4 6 8 9 10 11 12 15 | 15.7
Evocations     | 5 7 9 11 | 11.5
Spellcasting   | 1 4 6 7 |  7.3

Action                   |  1- 3 |  4- 6 |  7- 9 | 10-12 | 13-15 | 16-18 | 19-21 | 22-24 | 25-27 || total
-------------------------+-------+-------+-------+-------+-------+-------+-------+-------+-------++-------
Melee: Trident           |   126 |   131 |   340 |   454 |       |       |       |       |       ||  1051
       Headbutt          |    13 |    17 |    68 |   120 |   146 |   226 |   387 |   447 |   499 ||  1923
       Demon trident     |       |       |       |    79 |     7 |     3 |       |       |       ||    89
       Broad axe         |       |       |       |    35 |   816 |  1091 |  1329 |  1444 |  1601 ||  6316
 Cast: Passage of Golubr |       |       |       |       |       |       |       |     1 |       ||     1
       Manifold Assault  |       |       |       |       |       |       |       |     1 |    19 ||    20
       Lesser Beckoning  |       |       |       |       |       |       |       |       |     7 ||     7
Invok: Upheaval          |       |       |       |     2 |     2 |     3 |     1 |     2 |     1 ||    11
       Elemental Force   |       |       |       |     1 |       |       |       |       |       ||     1
       Disaster Area     |       |       |       |       |       |     2 |     1 |     1 |     1 ||     5
Evoke: Wand              |       |       |       |       |       |     3 |       |     3 |       ||     6
       Condenser vane    |       |       |       |       |       |     1 |     1 |       |     4 ||     6
       Horn of Geryon    |       |       |       |       |       |       |       |       |     1 ||     1
       Box of beasts     |       |       |       |       |       |       |       |       |     1 ||     1
  Use: Scroll            |       |       |     9 |    15 |     9 |     4 |     1 |    11 |     8 ||    57
       Potion            |       |       |     1 |       |     3 |     3 |     1 |     1 |    16 ||    25
 Stab: Distracted        |       |       |       |       |       |       |       |       |     1 ||     1
Armor: Scale mail        |    49 |    41 |    52 |       |       |       |       |       |       ||   142
       Plate armour      |       |       |    67 |   100 |   410 |   440 |   368 |   483 |   574 ||  2442
       Skin              |       |       |     9 |       |       |       |       |       |       ||     9
Dodge: Dodged            |    24 |    30 |    69 |    58 |   226 |   234 |   264 |   314 |   470 ||  1689
       Repelled          |       |       |       |       |     7 |    24 |     7 |    16 |    48 ||   102
Block: Kite shield       |    55 |    51 |   216 |   370 |  1235 |  1519 |  1249 |  1523 |  1673 ||  7891
       Reflection        |       |       |       |       |       |       |       |       |    36 ||    36
